 Dungeon Crawl Stone Soup version 0.30-a0-702-gdf48620a09 (webtiles) character file.

Game seed: 11689985755660562541

188 Absynth the Ducker (level 6, -8/46 HPs)
             Began as a Djinni Gladiator on Jan 21, 2023.
             Mangled by Duvessa
             ... wielding a +0 rapier
              (9 damage)
             ... on level 4 of the Dungeon.
             The game lasted 00:06:39 (2390 turns).

Absynth the Ducker (Djinni Gladiator)               Turns: 2390, Time: 00:06:39

Health: -8/46      AC:  6    Str: 13    XL:     6   Next: 0%
Gold:   74         EV: 13    Int: 11    God:
                   SH:  0    Dex: 15

rFire   + + .      SeeInvis .    a - +0 long sword
rCold   x . .      Faith    .    (no shield)
rNeg    . . .      Spirit   .    b - +0 leather armour
rPois   ∞          Reflect  .    c - +0 helmet
rElec   .          Harm     .    t - +0 cloak
rCorr   .          Rampage  .    i - +0 pair of gloves
Will    .....                    (boots unavailable)
Stlth   +                        (no amulet)
HPRegen 0.27/turn                (no ring)
MPRegen 0.00/turn                (no ring)

@: flying
A: sickness immunity, fire resistance 2, cold vulnerability 1, float, innate
caster, HP casting, extra vitality 1
a: no special abilities


You were on level 4 of the Dungeon.
You visited 1 branch of the dungeon, and saw 4 of its levels.

You collected 74 gold pieces.

Inventory:

Hand Weapons
 a - a +0 long sword (weapon)
Missiles
 d - 3 throwing nets
 e - a javelin
 j - 3 stones
 p - 2 poisoned darts
Armour
 b - a +0 leather armour (worn)
 c - a +0 helmet (worn)
 i - a +0 pair of gloves (worn)
 t - a +0 cloak (worn)
Wands
 u - a wand of flame (20) (quivered)
Scrolls
 f - 5 scrolls of identify {unknown}
 g - 2 scrolls of teleportation {unknown}
 l - 2 scrolls of fear {unknown}
 m - 4 scrolls of noise {unknown}
 q - a scroll of blinking {unknown}
 r - a scroll of poison {unknown}
 s - a scroll of magic mapping {unknown}
Potions
 h - a potion of mutation {unknown}
 k - a potion of attraction {unknown}
 n - a potion of curing
 o - 2 potions of invisibility {unknown}


   Skills:
 + Level 3.5 Fighting
 + Level 3.8 Long Blades
 - Level 1.5 Throwing
 + Level 4.6 Dodging
 + Level 0.6 Spellcasting


You had 3 spell levels left.
You knew the following spells:

 Your Spells              Type           Power      Damage    Failure   Level
a - Necrotise             Necr           4%         1d4       32%         1
b - Blink                 Tloc           2%         N/A       45%         2
Your spell library was empty.

Dungeon Overview and Level Annotations

Branches:
Dungeon (4/15)
 Temple: D:4-7

Altars:

Annotations:
D:4 Duvessa


Innate Abilities, Weirdness & Mutations

You are immune to sickness and miasma.
You are immune to poison.
Your flesh is very heat resistant. (rF++)
You are vulnerable to cold. (rC-)
You float through the air rather than walking.
You learn spells naturally, not from books.
Your magical power is your life essence.
You have superior vitality. (+4 MHP)


Message History

Aiming: Throw Flame
Press: ? - help, Q - select action, (/) - cycle Shift-Dir - straight line, f/p - Duvessa
Aim: Duvessa, wielding a +0 rapier and wearing a +3 leather armour (lightly wounded, berserk, 72% to hit)
The puff of flame hits Duvessa but does no damage.
Duvessa is lightly wounded.
Aiming: Throw Flame
Press: ? - help, Q - select action, (/) - cycle Shift-Dir - straight line, f/p - Duvessa
Aim: Duvessa, wielding a +0 rapier and wearing a +3 leather armour (lightly wounded, berserk, 72% to hit)
The puff of flame hits Duvessa!
Duvessa is lightly wounded.
Duvessa closely misses you. Duvessa barely misses you.
Aiming: Throw Flame
Press: ? - help, Q - select action, (/) - cycle Shift-Dir - straight line, f/p - Duvessa
Aim: Duvessa, wielding a +0 rapier and wearing a +3 leather armour (lightly wounded, berserk, 72% to hit)
The puff of flame misses Duvessa.
The puff of flame hits the worm!
The worm is heavily wounded.
Duvessa hits you with a +0 rapier!
Aiming: Throw Flame
Press: ? - help, Q - select action, (/) - cycle Shift-Dir - straight line, f/p - Duvessa
Aim: Duvessa, wielding a +0 rapier and wearing a +3 leather armour (lightly wounded, berserk, 72% to hit)
The puff of flame hits Duvessa.
Duvessa is moderately wounded.
Duvessa hits you with a +0 rapier!
* * * LOW HITPOINT WARNING * * *
A giant cockroach comes into view.
Duvessa misses you.
Aiming: Throw Flame
Press: ? - help, Q - select action, (/) - cycle Shift-Dir - straight line, f/p - Duvessa
Aim: Duvessa, wielding a +0 rapier and wearing a +3 leather armour (moderately wounded, berserk, 72% to hit)
The puff of flame hits Duvessa.
Duvessa is moderately wounded.
Duvessa hits you with a +0 rapier!
* * * LOW HITPOINT WARNING * * *
Aiming: Throw Flame
Press: ? - help, Q - select action, (/) - cycle Shift-Dir - straight line, f/p - Duvessa
Aim: Duvessa, wielding a +0 rapier and wearing a +3 leather armour (moderately wounded, berserk, 72% to hit)
The puff of flame hits Duvessa but does no damage.
Duvessa is moderately wounded.
Duvessa hits you with a +0 rapier!
You die...

.......# ### ....#.. #..
...#.# #.# ..#e# #.# #.#.#
..# #.# #B#.# #.# #.# #w#.#
#.# #.# #e#.#.#.# #.#
#######@#.#.#.# #..
..........# ..### #..
########.#####...######.#
............).......>...#
########.##############.#
#.........#........#
#.######.#.#####.#.########
.........#.# #.#.#
..########.# #...#


You could see Duvessa (berserk), a worm and a giant cockroach.

Vanquished Creatures
  Dowan (D:4)
  An orc priest (D:3)
  4 adders
  An ufetubus (D:4)
  A dart slug (D:2)
  2 orcs (D:3)
  5 ball pythons
  5 bats
  7 endoplasms
  5 giant cockroaches
  3 goblins
  3 hobgoblins
  3 jackals (D:2)
  7 kobolds
  2 quokkas
  5 frilled lizards
  11 rats
  A spectral hobgoblin (D:2)
67 creatures vanquished.

Notes
Turn   | Place    | Note
-------+----------+-------------------------------------------
     0 | D:1      | Absynth the Djinni Gladiator began the quest for the Orb.
     0 | D:1      | Reached XP level 1. HP: 18/18 MP: 0/0
   145 | D:1      | Reached XP level 2. HP: 20/23 MP: 0/0
   381 | D:1      | Reached XP level 3. HP: 29/29 MP: 0/0
   381 | D:1      | Learned a level 1 spell: Necrotise
   706 | D:2      | Found a faded altar of an unknown god.
  1017 | D:2      | Reached skill level 4 in Dodging
  1017 | D:2      | Reached XP level 4. HP: 34/34 MP: 0/0
  1675 | D:3      | HP: 1/35 [orc priest/+0 club (2)]
  1681 | D:3      | Reached XP level 5. HP: 14/40 MP: 0/0
  1681 | D:3      | Learned a level 2 spell: Blink
  2346 | D:4      | Noticed Dowan
  2365 | D:4      | Killed Dowan
  2366 | D:4      | Reached XP level 6. HP: 46/46 MP: 0/0
  2380 | D:4      | Noticed Duvessa
  2389 | D:4      | HP: 1/46 [Duvessa/+0 rapier (16)]
  2390 | D:4      | Mangled by Duvessa

Illustrated notes

Levels and vault maps discovered:
D:1:      wander_arrival_estate, layout_basic
D:2:      layout_basic, dreamdust_ecumenical_altar_drowned_temple
D:3:      layout_basic
D:4:      layout_basic, kennysheep_diamond, uniq_duvessa

Skill      XL: |  1  2  3  4 |
---------------+-------------+-----
Long Blades    | 3 |  3.8
Dodging        | 4 |  4.6
Fighting       | 3 |  3.5
Throwing       | |  1.5
Spellcasting   | |  0.6

Action                   |  1- 3 |  4- 6 || total
-------------------------+-------+-------++-------
Melee: Long sword        |   110 |   100 ||   210
Throw: Stone             |    20 |    17 ||    37
       Dart              |       |     2 ||     2
       Throwing net      |       |     2 ||     2
Evoke: Wand              |       |     7 ||     7
  Use: Potion            |       |     1 ||     1
 Stab: Held in net/web   |       |     1 ||     1
       Sleeping          |       |     1 ||     1
Armor: Leather armour    |    47 |    28 ||    75
Dodge: Dodged            |    79 |    78 ||   157

Table legend: (Time is in decaauts)
 A = Elapsed time spent in this place.
 B = Non-inter-level travel time spent in this place.
 C = Inter-level travel time spent in this place.
 D = Time resting spent in this place.
 E = Time spent auto-exploring this place.
 F = Levels seen in this place.
 G = Mean time per level.
                   A        B        C        D        E       F      G
               +--------+--------+--------+--------+--------+-----+--------+
         Total |   2440 |   2410 |     30 |    227 |   1495 |   4 |  610.0 |
       Dungeon |   2440 |   2410 |     30 |    227 |   1495 |   4 |  610.0 |
               +--------+--------+--------+--------+--------+-----+--------+

Top non-repeatable levels by time:
     D:2: 826 daAuts
     D:3: 721 daAuts
     D:1: 708 daAuts
     D:4: 183 daAuts
